 Dungeon Crawl Stone Soup version 0.28-a0-1406-ga8dd43b1d0 (webtiles) character file.

Game seed: 11623130064962524601

44 Peloso the Covered (level 3, 29/29 HPs)
             Began as a Minotaur Fighter on Jan 6, 2022.
             Got out of the dungeon alive.
             The game lasted 00:02:51 (1640 turns).

Peloso the Covered (Minotaur Fighter)               Turns: 1640, Time: 00:02:52

Health: 29/29      AC: 12    Str: 22    XL:     3   Next: 41%
Magic:  2/2        EV:  6    Int:  5    God:
Gold:   121        SH:  4    Dex: 11    Spells: 2/2 levels left

rFire   . . .      SeeInvis .   a - +0 long sword
rCold   . . .      Faith    .   c - +0 buckler
rNeg    . . .      Spirit   .   l - +1 plate armour
rPois   .          Reflect  .   (helmet restricted)
rElec   .          Harm     .   (no cloak)
rCorr   .          Rampage  .   (no gloves)
Will    .....                   (no boots)
Stlth   ..........              (no amulet)
HPRegen 0.09/turn               (no ring)
MPRegen 0.08/turn               (no ring)

@: no status effects
A: horns 2, retaliatory headbutt, frail 1, strong 1, MP-powered wands
a: no special abilities


You escaped.
You visited 1 branch of the dungeon, and saw 2 of its levels.

You collected 121 gold pieces.

Inventory:

Hand Weapons
 a - a +0 long sword (weapon)
Armour
 b - a +0 chain mail
 c - a +0 buckler (worn)
 l - a +1 plate armour (worn)
Potions
 d - a potion of might
 i - a potion of cancellation


   Skills:
 + Level 4.1 Fighting
 + Level 3.0 Long Blades
 + Level 4.3 Armour
 + Level 4.0 Shields


You had 2 spell levels left.
You didn't know any spells.
Your spell library contained the following spells:

 Spells                   Type           Power      Damage    Failure   Level
 Conjure Flame            Conj/Fire      0%         6-21      100%        3
 Ignite Poison            Fire/Tmut/Pois 0%         N/A       100%        3
 Sticky Flame             Conj/Fire      0%         2d3       100%        4


Dungeon Overview and Level Annotations

Branches:
Dungeon (2/15)

Altars:

Shops:
D:1 (


Innate Abilities, Weirdness & Mutations

You have a pair of horns on your head.
You reflexively headbutt those who attack you in melee.
You are frail. (-10% HP)
Your muscles are strong. (Str +2)
You expend magic power (3 MP) to strengthen your wands.


Message History

You enter the shallow water.
Moving in this stuff is going to be slow.
Your hearing returns.
There is a stone staircase leading down here.
You enter the shallow water.
Moving in this stuff is going to be slow.
You enter the shallow water.
Moving in this stuff is going to be slow.
It was a potion of cancellation.
You feel magically purged.
It was a potion of lignification.
You turn into a tree.
Your +1 plate armour melds into your body.
Your roots penetrate the ground.
You start waiting.
Your transformation is almost over.
You start waiting.
HP restored.
You feel less wooden.
Your +1 plate armour unmelds from your body.
It was a potion of haste.
You feel yourself speed up.
It was a potion of mutation.
You feel extremely strange.
You feel frail.
You feel your magical essence link to the dungeon's wands.
You feel stronger.
(D) Dungeon
Where to? (Enter - D:12, ? - help)
What level of the Dungeon? (default 1, ? - help)
You enter the shallow water.
Moving in this stuff is going to be slow.
You enter the shallow water.
Moving in this stuff is going to be slow.
You see here a +1 short sword of venom.
There is a stone staircase leading down here.
There is a stone staircase leading up here.
You climb upwards.
There is a stone staircase leading down here.
Your extra speed is starting to run out.
You feel yourself slow down.
There is a staircase leading out of the dungeon here.
Are you sure you want to leave the Dungeon?
This will make you lose the game!
You have escaped!

#################################
.................................
#######################..........
#.......... ###########..........
###########.........#..##...##.
#......##...#######.#..#....)#.
#......#..###.@..##.#..........
#......>.##...##.##.......∩....
###.......##..####..##..........#
..'.....>##..## ##..#...#.....##
###......##.## #..#...##...###
#......#..# ##.##...........
#####.##.## ##..##....######.
#.##..#####...##....######.
#.##...##....###....'......


There were no monsters in sight!

Vanquished Creatures
  3 worms (D:2)
  A dart slug (D:2)
  3 bats
  An endoplasm (D:1)
  3 giant cockroaches
  3 goblins
  4 jackals (D:1)
  3 kobolds (D:2)
  2 quokkas (D:1)
  5 ball pythons
  3 frilled lizards
  2 rats
33 creatures vanquished.

Notes
Turn   | Place    | Note
-------+----------+-------------------------------------------
     0 | D:1      | Peloso the Minotaur Fighter began the quest for the Orb.
     0 | D:1      | Reached XP level 1. HP: 19/19 MP: 0/0
    52 | D:1      | Found Efotuvvi's Weapon Emporium.
    93 | D:1      | Found a faded altar of an unknown god.
   181 | D:1      | Reached XP level 2. HP: 24/27 MP: 1/1
   700 | D:2      | Reached XP level 3. HP: 33/33 MP: 2/2
  1572 | D:2      | Gained mutation: You are frail. (-10% HP) [potion of
                  | mutation]
  1572 | D:2      | Gained mutation: You expend magic power (3 MP) to
                  | strengthen your wands. [potion of mutation]
  1572 | D:2      | Gained mutation: Your muscles are strong. (Str +2) [potion
                  | of mutation]
  1640 | D:$      | Got out of the dungeon alive.

Illustrated notes

Levels and vault maps discovered:
D:1:      dpeg_arrival_round_b, layout_basic, serial_shops,
          nicolae_shop_bloodbath_and_beyond, ebering_ecumenical_altar_mist,
          chequers_arboretum, wad_floor_pattern_2, feat_on_display
D:2:      cheibrodos_old_hovel, layout_rooms, serial_rivers,
          chequers_serial_rivers_marsh, chequers_serial_rivers_large_b,
          chequers_serial_rivers_large_a, chequers_serial_rivers_room_a,
          chequers_serial_rivers_micro_b

Skill      XL: |  1  2  3 |
---------------+----------+-----
Armour         | 4 |  4.3
Fighting       | 4 |  4.1
Shields        | 4 |  4.0
Long Blades    | 3 |  3.0

Action                   || total
-------------------------++-------
Melee: Long sword        ||    54
       Headbutt          ||    11
  Use: Potion            ||     4
       Scroll            ||     3
Armor: Scale mail        ||    15
       Chain mail        ||    22
Dodge: Dodged            ||    22
Block: Buckler           ||    16

Table legend: (Time is in decaauts)
 A = Elapsed time spent in this place.
 B = Non-inter-level travel time spent in this place.
 C = Inter-level travel time spent in this place.
 D = Time resting spent in this place.
 E = Time spent auto-exploring this place.
 F = Levels seen in this place.
 G = Mean time per level.
                   A        B        C        D        E       F      G
               +--------+--------+--------+--------+--------+-----+--------+
         Total |   1700 |   1639 |     61 |     32 |   1247 |   2 |  850.0 |
       Dungeon |   1700 |   1639 |     61 |     32 |   1247 |   2 |  850.0 |
               +--------+--------+--------+--------+--------+-----+--------+

Top non-repeatable levels by time:
     D:2: 1023 daAuts
     D:1: 677 daAuts
